General information
- name: BNet
- type: Ladder team game (AT/RT)
- host: Battle.net
- saver: WhineLikeAGirl
map: FullScaleAssault
- players: 8
- length: 64:19
- speed: Fast
- version: 1.26 W3XP
- replay type: Public
» download(278 KB)
Players
team 1 (winner)

»
bigwata (
purple | 35 APM | 2254 actions | 64:19)
7 Death Knight
3 Death Coil
3 Unholy Aura
1 Animate Dead
2 Lich
1 Frost Nova
1 Frost Armor
» actions
| Assign group hotkey | 86 | |
| Basic commands | 100 | |
| Build / train | 105 | |
| ESC pressed | 6 | |
| Enter build submenu | 58 | |
| Enter hero's abilities submenu | 9 | |
| Give item / drop item | 4 | |
| Right click | 526 | |
| Select / deselect | 680 | |
| Select group hotkey | 557 | |
| Use ability | 123 | |
2254 total
» units
| Acolyte | 24 | |
| Ghoul | 10 | |
| Crypt Fiend | 19 | |
| Goblin Shredder | 1 | |
| Goblin Zeppelin | 2 | |
| Frost Wyrm | 9 | |
| Gargoyle | 6 | |
71 total
» upgrades
| Web | 1 | |
| Burrow | 1 | |
| Creature Attack | 3 | |
| Creature Carapace | 3 | |
| Freezing Breath | 1 | |
9 total
» buildings
| Ziggurat | 16 | |
| Crypt | 4 | |
| Altar of Darkness | 3 | |
| Graveyard | 3 | |
| Tomb of Relics | 1 | |
| Halls of the Dead | 2 | |
| Necropolis | 5 | |
| Black Citadel | 1 | |
| Sacrificial Pit | 1 | |
| Boneyard | 3 | |
39 total
» build order
00:12 Ziggurat
00:24 Crypt
00:47 Altar of Darkness
01:00 Graveyard
01:12 Tomb of Relics
01:50 Ziggurat
02:47 Ziggurat
06:02 Halls of the Dead
06:29 Necropolis
10:12 Black Citadel
10:38 Ziggurat
11:36 Sacrificial Pit
11:44 Ziggurat
11:46 Ziggurat
12:49 Boneyard
13:10 Boneyard
13:21 Boneyard
13:49 Ziggurat
15:24 Necropolis
23:18 Necropolis
24:33 Necropolis
27:25 Necropolis
29:26 Ziggurat
33:34 Altar of Darkness
33:38 Ziggurat
34:45 Graveyard
35:19 Crypt
37:12 Halls of the Dead
37:31 Ziggurat
39:58 Ziggurat
43:34 Ziggurat
44:01 Altar of Darkness
44:05 Ziggurat
44:09 Ziggurat
44:11 Ziggurat
45:27 Crypt
45:41 Graveyard
45:49 Crypt
45:57 Ziggurat
» items
| Rod of Necromancy | 1 | |
| Staff of Teleportation | 2 | |
| Scroll of Protection | 1 | |
| Scroll of Town Portal | 4 | |
| Orb of Corruption | 1 | |
| Potion of Healing | 1 | |
| Boots of Speed | 1 | |
11 total
WhineLikeAGirl (
blue | 67 APM | 4295 actions | 64:19)
10 Archmage
3 Summon Water Elemental
3 Brilliance Aura
1 Mass Teleport
3 Blizzard
» actions
| Assign group hotkey | 125 | |
| Basic commands | 259 | |
| Build / train | 90 | |
| Enter build submenu | 71 | |
| Enter hero's abilities submenu | 10 | |
| Give item / drop item | 8 | |
| Remove unit from queue | 4 | |
| Right click | 1297 | |
| Select / deselect | 637 | |
| Select group hotkey | 1485 | |
| Use ability | 306 | |
4295 total
» units
| Peasant | 12 | |
| Footman | 5 | |
| Goblin Shredder | 1 | |
| Goblin Zeppelin | 3 | |
| Gryphon Rider | 4 | |
| Blue Dragon | 3 | |
28 total
» upgrades
| Masonry | 3 | |
| Swords | 3 | |
| Armor | 3 | |
| Animal War Training | 1 | |
| Storm Hammers | 1 | |
| Cloud | 1 | |
| Gunpowder | 3 | |
| Plating | 3 | |
18 total
» buildings
| Altar of Kings | 1 | |
| Barracks | 1 | |
| Farm | 8 | |
| Arcane Vault | 4 | |
| Keep | 1 | |
| Town Hall | 6 | |
| Lumber Mill | 1 | |
| Castle | 1 | |
| Gryphon Aviary | 4 | |
| Blacksmith | 2 | |
| Scout Tower | 58 | |
| Guard Tower | 12 | |
99 total
» build order
00:37 Altar of Kings
00:38 Barracks
00:50 Farm
00:53 Farm
01:05 Farm
01:34 Farm
03:02 Arcane Vault
03:56 Keep
04:45 Town Hall
05:31 Lumber Mill
06:47 Castle
07:07 Gryphon Aviary
07:08 Gryphon Aviary
07:09 Gryphon Aviary
07:09 Gryphon Aviary
07:13 Blacksmith
07:17 Blacksmith
07:21 Farm
08:46 Scout Tower
08:47 Scout Tower
08:48 Scout Tower
08:48 Scout Tower
08:49 Scout Tower
08:50 Scout Tower
08:51 Scout Tower
08:51 Scout Tower
08:52 Scout Tower
09:44 Guard Tower
10:58 Town Hall
11:07 Scout Tower
11:07 Scout Tower
11:08 Scout Tower
11:08 Scout Tower
11:11 Scout Tower
11:11 Scout Tower
11:12 Scout Tower
11:13 Scout Tower
11:18 Arcane Vault
12:02 Guard Tower
13:36 Guard Tower
15:36 Scout Tower
15:37 Scout Tower
15:38 Scout Tower
16:36 Guard Tower
16:40 Scout Tower
16:41 Scout Tower
16:42 Scout Tower
17:10 Scout Tower
17:10 Scout Tower
17:11 Scout Tower
17:12 Scout Tower
17:13 Scout Tower
17:17 Scout Tower
17:25 Scout Tower
17:26 Scout Tower
17:33 Guard Tower
18:03 Guard Tower
18:34 Guard Tower
18:37 Scout Tower
18:38 Scout Tower
18:41 Scout Tower
18:42 Scout Tower
19:09 Guard Tower
19:46 Guard Tower
21:11 Scout Tower
21:12 Scout Tower
21:12 Scout Tower
22:42 Guard Tower
24:23 Farm
24:26 Farm
24:28 Farm
29:24 Town Hall
29:28 Scout Tower
29:28 Scout Tower
29:28 Scout Tower
29:29 Scout Tower
29:30 Scout Tower
29:31 Scout Tower
29:31 Scout Tower
29:32 Scout Tower
29:33 Scout Tower
29:33 Scout Tower
29:33 Scout Tower
29:35 Scout Tower
29:43 Arcane Vault
32:10 Guard Tower
34:30 Town Hall
34:35 Scout Tower
34:35 Scout Tower
34:35 Scout Tower
34:36 Scout Tower
34:37 Scout Tower
34:38 Scout Tower
34:38 Scout Tower
34:39 Scout Tower
34:43 Arcane Vault
36:38 Guard Tower
54:41 Town Hall
55:32 Town Hall
» items
| Scroll of Regeneration | 4 | |
| Mechanical Critter | 4 | |
| Staff of Teleportation | 2 | |
| Scroll of Town Portal | 4 | |
| Potion of Healing | 1 | |
15 total
DonkeyPunch (
yellow | 27 APM | 820 actions | 30:48)
6 Death Knight
3 Death Coil
2 Unholy Aura
1 Animate Dead
» actions
| Assign group hotkey | 11 | |
| Basic commands | 15 | |
| Build / train | 78 | |
| Enter build submenu | 16 | |
| Enter hero's abilities submenu | 7 | |
| Give item / drop item | 3 | |
| Right click | 239 | |
| Select / deselect | 313 | |
| Select group hotkey | 83 | |
| Use ability | 55 | |
820 total
» units
| Acolyte | 10 | |
| Ghoul | 7 | |
| Crypt Fiend | 3 | |
| Obsidian Statue | 2 | |
| Abomination | 9 | |
| Gargoyle | 12 | |
43 total
» upgrades
| Unholy Armor | 3 | |
| Unholy Strength | 3 | |
| Web | 1 | |
| Disease Cloud | 1 | |
| Creature Attack | 3 | |
| Creature Carapace | 2 | |
13 total
» buildings
| Crypt | 3 | |
| Ziggurat | 14 | |
| Graveyard | 1 | |
| Altar of Darkness | 1 | |
| Tomb of Relics | 1 | |
| Spirit Tower | 7 | |
| Halls of the Dead | 1 | |
| Black Citadel | 1 | |
| Slaughterhouse | 3 | |
32 total
» build order
00:06 Crypt
00:22 Ziggurat
00:59 Graveyard
01:14 Altar of Darkness
01:42 Ziggurat
02:54 Tomb of Relics
03:00 Ziggurat
03:58 Ziggurat
06:35 Ziggurat
06:37 Ziggurat
06:39 Ziggurat
06:41 Ziggurat
06:45 Ziggurat
07:27 Spirit Tower
07:29 Spirit Tower
07:31 Spirit Tower
07:43 Spirit Tower
07:59 Spirit Tower
08:10 Halls of the Dead
10:35 Black Citadel
10:39 Slaughterhouse
10:40 Slaughterhouse
10:48 Slaughterhouse
13:30 Spirit Tower
13:35 Spirit Tower
19:21 Crypt
23:40 Crypt
25:02 Ziggurat
25:10 Ziggurat
25:13 Ziggurat
25:14 Ziggurat
26:11 Ziggurat
» items
| Sacrificial Skull | 1 | |
| Potion of Healing | 2 | |
| Scroll of Town Portal | 2 | |
5 total
SAUCEBOSS187 (
teal | 36 APM | 1121 actions | 30:43)
4 Demon Hunter
2 Immolation
2 Mana Burn
» actions
| Assign group hotkey | 2 | |
| Basic commands | 4 | |
| Build / train | 64 | |
| Enter build submenu | 32 | |
| Enter hero's abilities submenu | 4 | |
| Right click | 483 | |
| Select / deselect | 440 | |
| Select group hotkey | 19 | |
| Use ability | 72 | |
1121 total
» units
| Wisp | 23 | |
| Archer | 16 | |
| Druid of the Claw | 13 | |
| Dryad | 1 | |
53 total
» upgrades
| Strength of the Wild | 1 | |
| Druid of the Claw Training | 2 | |
| Mark of the Claw | 1 | |
4 total
» buildings
| Altar of Elders | 2 | |
| Moon Well | 12 | |
| Ancient of War | 3 | |
| Hunter's Hall | 1 | |
| Tree of Ages | 1 | |
| Ancient Protector | 3 | |
| Ancient of Wonders | 1 | |
| Tree of Eternity | 1 | |
| Tree of Life | 2 | |
| Ancient of Lore | 2 | |
28 total
» build order
00:14 Altar of Elders
00:23 Moon Well
00:27 Ancient of War
02:08 Moon Well
03:04 Moon Well
04:18 Hunter's Hall
04:37 Moon Well
06:56 Tree of Ages
07:52 Ancient Protector
07:59 Moon Well
08:22 Ancient of Wonders
08:44 Moon Well
08:50 Moon Well
09:00 Ancient Protector
09:24 Tree of Eternity
09:49 Tree of Life
10:05 Ancient Protector
11:09 Ancient of Lore
11:14 Ancient of Lore
20:49 Tree of Life
20:57 Ancient of War
21:05 Ancient of War
21:25 Altar of Elders
21:38 Moon Well
22:36 Moon Well
22:39 Moon Well
23:35 Moon Well
24:29 Moon Well
team 2 (loser)
DEADFALFSAJFF (
red | 50 APM | 3243 actions | 64:19)
10 Mountain King
3 Storm Bolt
3 Bash
1 Avatar
3 Thunder Clap
» actions
| Assign group hotkey | 84 | |
| Basic commands | 41 | |
| Build / train | 109 | |
| Enter build submenu | 22 | |
| Enter hero's abilities submenu | 10 | |
| Give item / drop item | 3 | |
| Right click | 1351 | |
| Select / deselect | 442 | |
| Select group hotkey | 936 | |
| Use ability | 242 | |
3243 total
» units
| Peasant | 17 | |
| Footman | 4 | |
| Goblin Shredder | 2 | |
| Goblin Zeppelin | 2 | |
| Gryphon Rider | 15 | |
| Goblin Sapper | 9 | |
49 total
» upgrades
| Masonry | 3 | |
| Swords | 2 | |
| Armor | 2 | |
| Animal War Training | 1 | |
| Storm Hammers | 1 | |
| Cloud | 1 | |
10 total
» buildings
| Altar of Kings | 1 | |
| Barracks | 1 | |
| Farm | 9 | |
| Scout Tower | 21 | |
| Arcane Vault | 1 | |
| Arcane Tower | 1 | |
| Keep | 6 | |
| Lumber Mill | 1 | |
| Blacksmith | 1 | |
| Castle | 2 | |
| Town Hall | 5 | |
| Gryphon Aviary | 3 | |
| Guard Tower | 12 | |
64 total
» build order
00:10 Altar of Kings
00:22 Barracks
00:37 Farm
00:52 Farm
01:33 Farm
01:49 Scout Tower
02:19 Arcane Vault
02:40 Arcane Tower
03:39 Keep
03:45 Lumber Mill
04:33 Farm
05:27 Farm
05:48 Blacksmith
06:56 Castle
08:33 Town Hall
08:35 Scout Tower
08:36 Scout Tower
08:37 Scout Tower
09:21 Gryphon Aviary
09:22 Gryphon Aviary
09:22 Gryphon Aviary
09:33 Guard Tower
09:35 Guard Tower
09:36 Guard Tower
09:49 Guard Tower
09:58 Scout Tower
09:58 Scout Tower
11:10 Scout Tower
11:11 Scout Tower
11:12 Guard Tower
12:13 Town Hall
12:15 Guard Tower
13:03 Guard Tower
13:48 Scout Tower
13:48 Scout Tower
13:49 Scout Tower
13:49 Scout Tower
13:49 Scout Tower
13:50 Scout Tower
13:51 Scout Tower
13:51 Scout Tower
13:52 Scout Tower
13:53 Scout Tower
13:54 Scout Tower
13:54 Scout Tower
14:25 Guard Tower
15:02 Guard Tower
15:04 Keep
15:05 Keep
17:08 Keep
17:08 Keep
19:33 Town Hall
21:15 Castle
21:17 Guard Tower
23:00 Farm
23:00 Farm
23:01 Farm
23:01 Farm
27:00 Town Hall
29:15 Town Hall
» items
| Staff of Teleportation | 1 | |
| Scroll of Regeneration | 5 | |
| Ivory Tower | 2 | |
| Potion of Mana | 1 | |
| Potion of Lesser Invulnerability | 1 | |
| Lesser Clarity Potion | 1 | |
| Scroll of Town Portal | 3 | |
| Scroll of Healing | 2 | |
16 total
reefer.cheefer (
green | 32 APM | 1584 actions | 49:31)
7 Mountain King
3 Storm Bolt
3 Bash
1 Avatar
6 Paladin
3 Holy Light
1 Divine Shield
1 Devotion Aura
1 Resurrection
» actions
| Build / train | 100 | |
| Enter build submenu | 24 | |
| Enter hero's abilities submenu | 13 | |
| Give item / drop item | 7 | |
| Remove unit from queue | 1 | |
| Right click | 690 | |
| Select / deselect | 645 | |
| Use ability | 103 | |
1584 total
» units
| Peasant | 27 | |
| Footman | 5 | |
| Gryphon Rider | 16 | |
| Goblin Zeppelin | 1 | |
49 total
» upgrades
| Lumber Harvesting | 2 | |
| Swords | 3 | |
| Armor | 2 | |
| Animal War Training | 1 | |
| Storm Hammers | 1 | |
9 total
» buildings
| Altar of Kings | 1 | |
| Farm | 14 | |
| Barracks | 1 | |
| Arcane Vault | 1 | |
| Lumber Mill | 1 | |
| Town Hall | 1 | |
| Keep | 1 | |
| Blacksmith | 1 | |
| Gryphon Aviary | 2 | |
| Castle | 1 | |
| Arcane Tower | 2 | |
| Guard Tower | 2 | |
| Scout Tower | 6 | |
34 total
» build order
00:18 Altar of Kings
00:20 Farm
00:58 Barracks
01:12 Farm
01:17 Farm
02:03 Arcane Vault
02:06 Farm
02:50 Farm
03:10 Lumber Mill
04:43 Town Hall
04:53 Keep
05:28 Farm
05:50 Blacksmith
07:18 Gryphon Aviary
07:19 Castle
07:25 Farm
07:43 Gryphon Aviary
07:52 Farm
07:54 Farm
10:17 Farm
11:47 Arcane Tower
12:02 Farm
12:44 Farm
13:35 Guard Tower
13:54 Farm
15:08 Farm
20:12 Scout Tower
20:19 Scout Tower
20:20 Scout Tower
20:21 Scout Tower
20:22 Scout Tower
20:23 Scout Tower
20:49 Guard Tower
25:46 Arcane Tower
» items
| Scroll of Regeneration | 3 | |
| Boots of Speed | 1 | |
| Ivory Tower | 3 | |
| Potion of Healing | 2 | |
| Potion of Mana | 1 | |
| Scroll of Protection | 3 | |
| Scroll of Healing | 1 | |
| Staff of Teleportation | 1 | |
| Scroll of Town Portal | 2 | |
| Scroll of Speed | 2 | |
| Lesser Clarity Potion | 1 | |
20 total
richmond (
orange | 27 APM | 1500 actions | 56:12)
7 Shadow Hunter
3 Healing Wave
3 Hex
1 Big Bad Voodoo
7 Tauren Chieftain
3 Endurance Aura
3 War Stomp
1 Reincarnation
» actions
| Assign group hotkey | 52 | |
| Build / train | 82 | |
| Enter build submenu | 16 | |
| Enter hero's abilities submenu | 15 | |
| Give item / drop item | 8 | |
| Remove unit from queue | 1 | |
| Right click | 907 | |
| Select / deselect | 235 | |
| Select group hotkey | 78 | |
| Use ability | 105 | |
1500 total
» units
| Peon | 20 | |
| Tauren | 4 | |
| Shaman | 2 | |
| Troll Witch Doctor | 3 | |
| Spirit Walker | 2 | |
| Footman | 1 | |
32 total
» upgrades
| Shaman Training | 2 | |
| Witch Doctor Training | 2 | |
| Armor | 3 | |
| Melee Weapons | 3 | |
| Pulverize | 1 | |
| Spirit Walker Training | 2 | |
13 total
» buildings
| Orc Burrow | 6 | |
| Altar of Storms | 1 | |
| War Mill | 1 | |
| Stronghold | 1 | |
| Great Hall | 2 | |
| Voodoo Lounge | 1 | |
| Fortress | 1 | |
| Spirit Lodge | 2 | |
| Tauren Totem | 2 | |
| Watch Tower | 1 | |
18 total
» build order
00:11 Orc Burrow
00:18 Altar of Storms
01:00 War Mill
01:35 Orc Burrow
02:50 Stronghold
03:09 Great Hall
03:28 Voodoo Lounge
05:14 Fortress
05:20 Spirit Lodge
05:23 Spirit Lodge
06:27 Orc Burrow
06:29 Orc Burrow
07:34 Orc Burrow
07:40 Tauren Totem
07:42 Tauren Totem
16:33 Great Hall
19:19 Orc Burrow
20:29 Watch Tower
» items
| Lesser Clarity Potion | 2 | |
| Healing Salve | 1 | |
| Periapt of Vitality | 3 | |
| Potion of Lesser Invulnerability | 3 | |
| Tiny Great Hall | 1 | |
| Scroll of Town Portal | 4 | |
| Potion of Mana | 1 | |
| Circlet of Nobility | 1 | |
| Orb of Fire | 1 | |
| Potion of Healing | 1 | |
| Scroll of Speed | 1 | |
19 total
Chat log
(00:36 / Allies) bigwata: 100g ?
(00:40 / Allies) bigwata: fiends frosts here
(00:51 / Allies) bigwata: tx
(05:58 / Allies) WhineLikeAGirl: I was planning on creeping those greens teal
(06:50 / Allies) WhineLikeAGirl: fair trade :)
(13:10 / Allies) WhineLikeAGirl: tped right on me lol
(13:29 / Allies) SAUCEBOSS187: wood pls
(13:30 / Allies) SAUCEBOSS187: hurry
(15:49 / Allies) DonkeyPunch: we got aa lol
(16:06 / Allies) DonkeyPunch: blue hawks now
(16:16 / Allies) bigwata: wood plz
(16:32 / Allies) DonkeyPunch: tp to expoĆ
(16:44 / Allies) DonkeyPunch: yes or no
(16:53 / Allies) SAUCEBOSS187: tp to me
(16:55 / Allies) DonkeyPunch: where we fighting
(17:04 / Allies) DonkeyPunch: kk
(17:18 / Allies) SAUCEBOSS187: TP U IDIOTS
(17:35 / Allies) WhineLikeAGirl: lumber
(18:39 / Allies) DonkeyPunch: blue where the fuck are you
(18:52 / Allies) WhineLikeAGirl: doin work
(18:59 / Allies) DonkeyPunch: this is work
(19:43 / Allies) DonkeyPunch: unreal
(20:02 / Allies) SAUCEBOSS187: blue has 9k gold -_-
(20:12 / Allies) DonkeyPunch: and 50 food
(20:21 / Allies) WhineLikeAGirl: How do you think I got 9k
(20:29 / Allies) SAUCEBOSS187: gimme me some niGGA
(20:40 / Allies) DonkeyPunch: maybe spend some please
(21:08 / Allies) DonkeyPunch: ill see if i can save you purp
(21:12 / Allies) SAUCEBOSS187: blue gave me 15 gold
(21:14 / Allies) SAUCEBOSS187: thanks bro!
(21:23 / Allies) WhineLikeAGirl: no problamo
(21:49 / Allies) SAUCEBOSS187: give me some for real :(
(22:04 / Allies) SAUCEBOSS187: we need aa maN
(22:22 / Allies) SAUCEBOSS187: blue is useless man lmao.
(22:23 / Allies) DonkeyPunch: un fucki real
(23:00 / Allies) SAUCEBOSS187: BLUE MAKE UNITS
(23:01 / Allies) SAUCEBOSS187: U RETARD
(23:06 / Allies) WhineLikeAGirl: I have units
(23:07 / Allies) DonkeyPunch: he wants to lose
(23:12 / Allies) SAUCEBOSS187: MAKE MORE
(23:13 / Allies) SAUCEBOSS187: LMAO
(23:17 / All) DonkeyPunch: blue has 15000 gold and 40 food
(23:20 / All) DonkeyPunch: fuck my life
(23:20 / Allies) SAUCEBOSS187: ahahah
(23:24 / All) SAUCEBOSS187: lmaoo
(24:51 / All) DEADFALFSAJFF: bad boy
(25:15 / Allies) SAUCEBOSS187: blue has 16k lmaooo
(25:23 / Allies) SAUCEBOSS187: roflll
(25:50 / Allies) SAUCEBOSS187: blue give me 5k gold so we can win
(25:53 / Allies) SAUCEBOSS187: u bitch ass niglet
(26:00 / Allies) WhineLikeAGirl: Why can't you ask nicely?
(26:07 / Allies) SAUCEBOSS187: please give me gold fine sir.
(26:25 / Allies) SAUCEBOSS187: or atleast make some units
(26:26 / Allies) bigwata: can i have gold
(26:28 / Allies) SAUCEBOSS187: lol
(26:52 / Allies) bigwata: gold me for hero plz
(26:53 / Allies) WhineLikeAGirl: Spend it wisely
(26:58 / Allies) SAUCEBOSS187: blue keeps giving me 17 gold and shit
(26:59 / Allies) SAUCEBOSS187: rofl
(27:02 / Allies) SAUCEBOSS187: give me GOLD MAN
(27:03 / Allies) SAUCEBOSS187: 5K
(27:04 / Allies) SAUCEBOSS187: HURRY
(27:13 / Allies) WhineLikeAGirl: I gave you gold
(27:52 / Allies) DonkeyPunch: let it go
(28:09 / All) SAUCEBOSS187: blue has 20k gold
(28:10 / All) SAUCEBOSS187: rofl
(29:40 / Allies) bigwata: gold plz blu
(30:40 / Allies) DonkeyPunch: thats so redic how we could have won
(31:35 / Allies) bigwata: gold me
(36:58 / Allies) WhineLikeAGirl: dumbass
(37:27 / Allies) WhineLikeAGirl: why would you try to take a mine I'm already building at
(37:45 / Allies) bigwata: fag
(37:48 / Allies) WhineLikeAGirl: moron
(39:23 / All) DEADFALFSAJFF: lol
(39:25 / All) DEADFALFSAJFF: good job purple
(53:13 / All) bigwata: fag
(55:37 / All) DEADFALFSAJFF: die
(57:35 / All) bigwata: r u too gfs ?
(57:49 / All) DEADFALFSAJFF: im the gurl
(61:03 / All) WhineLikeAGirl: bigwata is a big faggot
(62:33 / All) WhineLikeAGirl: Bigwata is a big sissy
(62:36 / All) WhineLikeAGirl: sucks at the game of warcraft
(62:44 / All) WhineLikeAGirl: fucking nancy boy
(63:59 / All) WhineLikeAGirl: why doesn't splash effect air
(64:05 / All) DEADFALFSAJFF: i do not know
(64:11 / All) WhineLikeAGirl: he's not talking so